 Dungeon Crawl Stone Soup version 0.29.1-2-gbd0b4ee654 (webtiles) character file.

Game seed: 3506311418393611552

1082 Icepheonix32 the Reanimator (level 7, -3/50 HPs)
             Began as a Demigod Necromancer on Nov 2, 2022.
             Slain by a troll (13 damage)
             ... on level 5 of the Dungeon.
             The game lasted 00:10:02 (6526 turns).

Icepheonix32 the Reanimator (Demigod Necromancer)   Turns: 6526, Time: 00:10:03

Health: -3/50      AC:  4    Str: 13    XL:     7   Next: 81%
Magic:  8/21       EV: 12    Int: 21    God:
Gold:   90         SH:  0    Dex: 20    Spells: 1/9 levels left

rFire   . . .      SeeInvis .   j - +2 scythe (protect)
rCold   . . .      Faith    .   (shield currently unavailable)
rNeg    . . .      Spirit   .   a - +0 robe
rPois   .          Reflect  .   w - +0 helmet
rElec   .          Harm     .   k - scarf {repulsion}
rCorr   .          Rampage  .   n - +0 pair of gloves
Will    .....                   (no boots)
Stlth   ++........              (no amulet)
HPRegen 0.16/turn               g - ring of magical power
MPRegen 0.17/turn               e - +6 ring of dexterity

@: mighty, animating dead, very slightly contaminated, repel missiles
A: high MP 1, forlorn, divine attributes
a: no special abilities


You were on level 5 of the Dungeon.
You visited 1 branch of the dungeon, and saw 5 of its levels.
You also visited: Sewer.

You collected 144 gold pieces.
You spent 54 gold pieces at shops.

Inventory:

Hand Weapons
 c - a +0 short sword
 j - a +2 scythe of protection (weapon)
 m - a +2 whip of venom
 r - a +0 rapier
 v - a +2 vampiric dagger
 y - a +1 dagger of draining
Missiles
 d - 12 datura-tipped darts
 x - 4 silver boomerangs
 A - 4 curare-tipped darts
Armour
 a - a +0 robe (worn)
 k - a scarf of repulsion (worn)
 n - a +0 pair of gloves (worn)
 w - a +0 helmet (worn)
Jewellery
 e - a +6 ring of dexterity (right hand)
 f - a ring of willpower
 g - a ring of magical power (left hand)
 o - a ring of ice
Wands
 q - a wand of roots (4)
Scrolls
 h - 6 scrolls of teleportation
 p - 4 scrolls of fear
 t - a scroll of fog
 B - a scroll of magic mapping
 D - a scroll of amnesia
 E - a scroll of silence
Potions
 b - 3 potions of magic
 s - a potion of degeneration {unknown}
 z - a potion of cancellation
 C - a potion of haste
 F - a potion of resistance


   Skills:
 + Level 2.7 Polearms
 - Level 1.7 Dodging
 - Level 1.7 Stealth
 - Level 1.7 Spellcasting
 + Level 9.0 Necromancy


You had one spell level left.
You knew the following spells:

 Your Spells              Type           Power      Damage    Failure   Level
a - Necrotise             Necr           100%       1d9       1%          1
b - Vampiric Draining     Necr           39%        2d8       1%          3
c - Animate Dead          Necr           39%        N/A       3%          4

Your spell library contained the following spells:

 Spells                   Type           Power      Damage    Failure   Level
 Agony                    Necr           39%        N/A       11%         5


Dungeon Overview and Level Annotations

Branches:
Dungeon (5/15)              Sewer (visited)
 Temple: D:4-7

Shops:
D:3 (   D:4 *


Innate Abilities, Weirdness & Mutations

You have an increased reservoir of magic. (+10% MP)
You shall have no god before yourself.
Your divine heritage dramatically boosts your attributes as you level up.


Message History

The troll closely misses you.
Casting: Necrotise (safe; 1% risk of failure)
Confirm with . or Enter, or press ? or * to list all spells.
Aiming: Vampiric Draining (safe; 1% risk of failure)
Press: ? - help, Shift-Dir - straight line, f/p - troll
Aim: a troll (lightly wounded)
You miscast Vampiric Draining.
You are very lightly contaminated with residual magic.
Nothing appears to happen.
The troll bites you!
* * * LOW HITPOINT WARNING * * *
The troll claws you but does no damage. The troll barely misses you.
Casting: Vampiric Draining (safe; 1% risk of failure)
Confirm with . or Enter, or press ? or * to list all spells.
Aiming: Vampiric Draining (safe; 1% risk of failure)
Press: ? - help, Shift-Dir - straight line, f/p - troll
Aim: a troll You draw life force from the troll!
You feel life coursing into your body. The troll bites you.
* * * LOW HITPOINT WARNING * * *
The troll claws you!
* * * LOW HITPOINT WARNING * * *
The troll claws you.
* * * LOW HITPOINT WARNING * * *
You feel much better. The troll misses you.
The troll claws you but does no damage. The troll claws you!
* * * LOW HITPOINT WARNING * * *
You feel much better. The troll bites you! The troll misses you.
The troll claws you!
Casting: Vampiric Draining (safe; 1% risk of failure)
Confirm with . or Enter, or press ? or * to list all spells.
Aiming: Vampiric Draining (safe; 1% risk of failure)
Press: ? - help, Shift-Dir - straight line, f/p - troll
Aim: a troll (lightly wounded)
You draw life force from the troll!
You feel life coursing into your body. The troll bites you!
* * * LOW HITPOINT WARNING * * *
The troll claws you but does no damage. x2
You feel very mighty all of a sudden. The troll bites you!
You die...

......# ......#
.....h## ## #......##
#.# ##.......# ## #.#
##.........
##.##.####..........
####......##...........
#.........@Tl.......###
#.........##.......##
###.........####....##
#...........###.....#
.................####
...............###
..............##
.............##
............## ###


You could see a troll and an iguana.

Vanquished Creatures
  Sigmund (D:3)
  5 kobold brigands (Sewer)
  2 scorpions (D:4)
  An orc priest (D:4)
  2 iguanas
  2 orc wizards (D:4)
  Natasha (thrice) (D:2)
  Robin (D:3)
  3 gnolls (D:5)
  5 adders
  4 river rats
  An ufetubus (D:4)
  4 worms
  5 dart slugs
  3 orcs (D:4)
  8 endoplasms
  4 giant cockroaches
  15 goblins
  15 hobgoblins
  4 quokkas
  11 ball pythons
  A bat (D:1)
  3 frilled lizards
  8 kobolds
  14 rats
125 creatures vanquished.

Vanquished Creatures (collateral kills)
  2 worms
  An endoplasm (D:1)
  A giant cockroach (D:2)
  A frilled lizard (D:1)
5 creatures vanquished.

Grand Total: 130 creatures vanquished

Notes
Turn   | Place    | Note
-------+----------+-------------------------------------------
     0 | D:1      | Icepheonix32 the Demigod Necromancer began the quest for
                  | the Orb.
     0 | D:1      | Reached XP level 1. HP: 14/14 MP: 5/5
   355 | D:1      | Reached skill level 4 in Necromancy
   432 | D:1      | Reached XP level 2. HP: 20/20 MP: 4/7
  1316 | D:1      | Reached XP level 3. HP: 26/26 MP: 4/8
  1930 | D:2      | Noticed Natasha
  1941 | D:2      | Killed Natasha
  1942 | D:2      | Reached skill level 5 in Necromancy
  2250 | D:2      | Noticed Natasha
  2491 | D:2      | Reached XP level 4. HP: 32/33 MP: 9/9
  2662 | D:2      | Killed Natasha
  2844 | D:2      | Noticed Natasha
  2852 | D:2      | Killed Natasha
  2912 | D:3      | Found Askaj's Weapon Shoppe.
  3284 | D:3      | Noticed Sigmund
  3296 | D:3      | Killed Sigmund
  3297 | D:3      | Reached skill level 6 in Necromancy
  3297 | D:3      | Reached XP level 5. HP: 38/38 MP: 10/10
  3556 | D:3      | Reached XP level 6. HP: 45/45 MP: 11/11
  3642 | D:3      | Noticed Robin
  3655 | D:3      | Killed Robin
  3656 | D:3      | Reached skill level 7 in Necromancy
  4206 | D:4      | Found a glowing drain.
  4224 | Sewer    | Entered a sewer
  4608 | Sewer    | Reached skill level 1 in Polearms
  4710 | Sewer    | Reached XP level 7. HP: 35/50 MP: 10/12
  4913 | Sewer    | Reached skill level 8 in Necromancy
  5963 | D:4      | Found Emadumie's Assorted Antiques.
  5968 | D:4      | Bought a scroll labelled NIXTIFU FUOPUN for 27 gold pieces
  5968 | D:4      | Bought a scroll labelled BIHEEN TEREKK for 27 gold pieces
  6158 | D:4      | Learned a level 3 spell: Vampiric Draining
  6163 | D:4      | Learned a level 4 spell: Animate Dead
  6403 | D:5      | Entered Level 5 of the Dungeon
  6499 | D:5      | Reached skill level 9 in Necromancy
  6510 | D:5      | Noticed a troll
  6522 | D:5      | HP: 1/50 [troll (6)]
  6526 | D:5      | Slain by a troll

Illustrated notes

Levels and vault maps discovered:
D:1:      erik_arrival_orb_chamber, layout_basic,
          ebering_ecumenical_altar_sacrificial, minmay_door_square
D:2:      layout_loops_ring, uniq_natasha
D:3:      layout_loops_corners, serial_shops, nicolae_shop_bloodbath_and_beyond,
          uniq_robin, uniq_sigmund
D:4:      layout_basic, serial_shops, shop, enter_ossuary_5,
          portal_sewer_entry_b, serial_glass, glass_columns_c, glass_columns_a,
          glass_columns_c, glass_columns_c, glass_columns_b, glass_columns_b,
          minmay_between
D:5:      minmay_polygon_palace, layout_layer_cave

Skill      XL: |  1  2  3  4  5  6  7 |
---------------+----------------------+-----
Necromancy     | 4 5 6 7 9 |  9.0
Polearms       | 1 2 |  2.7
Dodging        | |  1.7
Stealth        | |  1.7
Spellcasting   | |  1.7

Action                   |  1- 3 |  4- 6 |  7- 9 || total
-------------------------+-------+-------+-------++-------
Melee: Unarmed           |     5 |       |       ||     5
       Short sword       |    15 |       |       ||    15
       Rapier            |       |    15 |       ||    15
       Halberd           |       |    26 |    42 ||    68
 Cast: Necrotise         |    78 |   105 |    63 ||   246
       Vampiric Draining |       |       |     2 ||     2
       Animate Dead      |       |       |     1 ||     1
Evoke: Wand              |       |     1 |       ||     1
  Use: Scroll            |     3 |     6 |     5 ||    14
       Potion            |     2 |     1 |     5 ||     8
 Stab: Sleeping          |     3 |     3 |     3 ||     9
       Distracted        |     1 |       |       ||     1
Armor: Robe              |     2 |    14 |    21 ||    37
Dodge: Dodged            |    22 |    41 |    24 ||    87
       Repelled          |       |     1 |       ||     1
